 Dungeon Crawl Stone Soup version 0.18-a0-1070-gd466a24 (webtiles) character file.

50 4thArraOfDagon the Skirmisher (level 3, 1/33 HPs)
             Began as a Minotaur Fighter on Jan 13, 2016.
             Quit the game on level 4 of the Dungeon.
             The game lasted 00:02:15 (367 turns).

4thArraOfDagon the Skirmisher (Minotaur Fighter)     Turns: 367, Time: 00:02:15

Health: 1/33       AC:  7    Str: 20    XL:     3   Next: 55%
Magic:  2/2        EV:  7    Int:  6    God:
Gold:   78         SH:  9    Dex:  9    Spells: 0 memorised, 2 levels left

rFire  . . .     SeeInvis .     a - +0 war axe
rCold  . . .     Gourm    .     b - +0 scale mail
rNeg   . . .     Faith    .     c - +0 shield
rPois  .         Spirit   .     (helmet restricted)
rElec  .         Dismiss  .     (no cloak)
rCorr  .         Reflect  .     (no gloves)
SustAt .         Harm     .     (no boots)
MR     .....                    (no amulet)
Stlth  ..........               (no ring)
                                (no ring)

@: lethally poisoned (1 -> -7), not resistant to hostile enchantments, extremely
unstealthy
A: retaliatory headbutt, horns 2
a: no special abilities


You were on level 4 of the Dungeon.
You were not hungry.

You visited 1 branch of the dungeon, and saw 4 of its levels.

You collected 78 gold pieces.

Inventory:

Hand Weapons
 a - a +0 war axe (weapon)
Missiles
 e - 8 curare-tipped needles
Armour
 b - a +0 scale mail (worn)
 c - a +0 shield (worn)
Scrolls
 d - a scroll of teleportation
Comestibles
 f - 2 bread rations
 g - a meat ration


   Skills:
 + Level 4.1 Fighting
 * Level 4.1 Axes
 + Level 3.9 Armour
 - Level 3.6 Shields


You had 2 spell levels left.
You didn't know any spells.

Dungeon Overview and Level Annotations

Branches:
Dungeon (4/15)
 Temple: D:4-7

Altars:
Gozag
Pakellas
Ru

Annotations:
D:4 ater218's ghost, weakling DgTm


Innate Abilities, Weirdness & Mutations

You reflexively headbutt those who attack you in melee.
You have a pair of horns on your head.


Message History

You closely miss the scorpion.
The scorpion is heavily wounded.
You slash the orc!
You kill the orc!
The scorpion barely misses you.
You closely miss the scorpion.
The scorpion is heavily wounded.
The scorpion stings you.
You are poisoned.
The scorpion poisons you!
You slash the scorpion!
The scorpion is almost dead.
* * * LOW HITPOINT WARNING * * *
You feel sick. The scorpion stings you!
* * * LOW HITPOINT WARNING * * *
The scorpion barely misses you.
You are too injured to fight recklessly!
You are too injured to fight recklessly!
You are too injured to fight recklessly!
Are you sure you want to abandon this character and quit the game? (Confirm with "yes".)

.#........... .....
............. #....
....####.#### ....
.###.....# ... #.##..#
#.. #.##..# #..
##.##..####
#.)#######...#......
#.s@.).....#.....###
......))...###...#.#.#
#####.####.# ##)##.#.#
#. ###.####.##.#.# .
.........##.#.# ##
.##.####.##.#.# #.#
#.##.... #.. ......
####


You could see a scorpion.

Vanquished Creatures
  An adder (D:3)
  2 giant geckos (D:3)
  10 orcs (D:4)
  3 giant cockroaches
  A goblin (D:3)
  2 hobgoblins (D:3)
  2 jackals (D:4)
  A quokka (D:4)
  A ball python (D:3)
  A bat (D:3)
  A giant newt (D:2)
  A kobold (D:3)
  A rat (D:3)
27 creatures vanquished.

Notes
Turn   | Place    | Note
--------------------------------------------------------------
     0 | D:1      | 4thArraOfDagon the Minotaur Fighter began the quest for the Orb.
     0 | D:1      | Reached XP level 1. HP: 19/19 MP: 0/0
    92 | D:2      | Found an oddly glowing altar of Pakellas.
    92 | D:2      | Noticed an orange crystal statue
   106 | D:3      | Reached XP level 2. HP: 16/27 MP: 1/1
   171 | D:3      | Found a sacrificial altar of Ru.
   171 | D:3      | Found an opulent altar of Gozag.
   271 | D:4      | Noticed ater218's ghost (weakling DgTm)
   340 | D:4      | Reached XP level 3. HP: 15/33 MP: 2/2
   356 | D:4      | Noticed a scorpion
   358 | D:4      | Reached skill level 4 in Fighting
   366 | D:4      | HP: 1/33 [scorpion (8)]
   367 | D:4      | Quit the game

Vault maps used:
D:1:      dpeg_arrival_leaves_temple_mockup
D:2:      lemuel_zombie_altar_yredelemnul, zin_angel,
          gammafunk_pakellas_statue_experiment
D:3:      gammafunk_temple_overflow_wave, first_bread, uniq_crazy_yiuf_cottage,
          uniq_jessica
D:4:      kennysheep_okawaru_gauntlet

Action                   || total
-------------------------++-------
Melee: War axe           ||    48
  Use: Potion            ||     4
       Scroll            ||     1
